 Dungeon Crawl Stone Soup version 0.29.1-15-g9cfb28693d (webtiles) character file.

Game seed: 2445976253129857285

1733 jtron the Cudgeller (level 8, -6/79 HPs)
             Began as a Troll Chaos Knight on Feb 27, 2023.
             Was a Plaything of Xom.
             Shot with an arrow by a centaur (8 damage)
             ... on level 6 of the Dungeon.
             The game lasted 00:18:10 (4473 turns).

jtron the Cudgeller (Troll Chaos Knight)            Turns: 4473, Time: 00:18:10

Health: -6/79      AC:  7    Str: 25    XL:     8   Next: 76%
Magic:  7/7        EV: 10    Int:  7    God:    Xom [.*....]
Gold:   347        SH:  0    Dex: 10    Spells: 7/7 levels left

rFire   . . .      SeeInvis +   a - +0 mace (chaos)
rCold   . . .      Faith    .   (no shield)
rNeg    . . .      Spirit   .   t - +2 robe
rPois   .          Reflect  .   x - +1 hat
rElec   .          Harm     .   (no cloak)
rCorr   .          Rampage  .   (gloves unavailable)
Will    .....                   (boots unavailable)
Stlth   ++........              (no amulet)
HPRegen 1.03/turn               s - ring of flight
MPRegen 0.10/turn               (no ring)

@: mighty, flying
A: large, unfitting armour, claws 3, regeneration 1, shaggy fur 1, tough skin 1,
antennae 1, see invisible, strong 1
a: Renounce Religion


You were on level 6 of the Dungeon.
You worshipped Xom.
You were a plaything of Xom.
You visited 1 branch of the dungeon, and saw 6 of its levels.
You also visited: Sewer.

You collected 347 gold pieces.

Inventory:

Hand Weapons
 a - a +0 mace of chaos (weapon)
 b - a +0 sling
 p - a +0 demon blade of electrocution
Missiles
 e - 49 stones
 o - 13 poisoned darts
Armour
 t - a +2 robe (worn)
 x - a +1 hat (worn)
Jewellery
 s - a ring of flight (left claw)
Wands
 h - a wand of mindburst (16)
Scrolls
 f - 4 scrolls of poison
 n - 3 scrolls of amnesia
Potions
 d - 4 potions of lignification
 g - 2 potions of might
 i - 4 potions of haste
 k - a potion of brilliance
 l - 2 potions of magic
 q - 2 potions of invisibility
 u - a potion of ambrosia {unknown}
 z - a potion of attraction {unknown}
Miscellaneous
 c - a piece from Xom's chessboard (9/15) (quivered)


   Skills:
 + Level 4.6 Fighting
 + Level 7.0 Maces & Flails
 + Level 0.6 Ranged Weapons
 + Level 4.1 Dodging
 + Level 3.0 Stealth
 + Level 1.3 Evocations


You had 7 spell levels left.
You didn't know any spells.
Your spell library contained the following spells:

 Spells                   Type           Power      Damage    Failure   Level
 Beastly Appendage        Tmut           0%         N/A       43%         1
 Ensorcelled Hibernation  Hex/Ice        0%         N/A       56%         2
 Wereblood                Tmut           0%         N/A       56%         2
 Spider Form              Tmut/Pois      0%         N/A       80%         3
 Anguish                  Hex/Necr       0%         N/A       99%         4


Dungeon Overview and Level Annotations

Branches:
Dungeon (6/15)             Temple (0/1) D:4           Sewer (visited)

Altars:
Ashenzari
Dithmenos
Elyvilon
Gozag
Kikubaaqudgha
Sif Muna
Wu Jian
Zin

Shops:
D:2 *   D:5 [


Innate Abilities, Weirdness & Mutations

You are too large for most types of armour.
You have claws for hands.
Your natural rate of healing is unusually fast.
You are covered in fur. (AC +1)
You have tough skin. (AC +1)
You have a pair of small antennae on your head.
You have supernaturally acute eyesight. (SInv)
Your muscles are strong. (Str +4, Int/Dex -1)


Message History

The jelly is almost dead.
The water moccasin bites you. The water moccasin misses you.
The jelly hits you but does no damage.
You feel very mighty all of a sudden. The water moccasin closely misses you.
The centaur shoots an arrow.
The arrow completely misses you. The jelly closely misses you.
You sock the jelly!
You kill the jelly!
The centaur shoots an arrow.
The arrow hits you!
* * * LOW HITPOINT WARNING * * *
The water moccasin closely misses you.
The centaur shoots an arrow.
The arrow hits you!
* * * LOW HITPOINT WARNING * * *
The water moccasin bites you.
* * * LOW HITPOINT WARNING * * *
You are lethally poisoned!
The water moccasin poisons you!
Okay, then.
You feel better.
The centaur shoots an arrow.
The arrow hits you!
* * * LOW HITPOINT WARNING * * *
The water moccasin bites you.
* * * LOW HITPOINT WARNING * * *
You are lethally poisoned!
The water moccasin poisons you! The ice beast closely misses you.
You feel better.
The centaur shoots an arrow.
The arrow hits you!
* * * LOW HITPOINT WARNING * * *
The water moccasin barely misses you.
The centaur shoots an arrow.
The arrow completely misses you. The ice beast barely misses you.
The water moccasin closely misses you.
You thump the ice beast!
The ice beast is moving more slowly.
The ice beast is heavily wounded.
The centaur shoots an arrow.
The arrow hits you!
* * * LOW HITPOINT WARNING * * *
The water moccasin barely misses you.
The ice beast hits you but does no damage.
You sock the ice beast!
The ice beast is severely wounded.
The centaur shoots an arrow.
The arrow hits you!
You die...
Xom chuckles heartily!

#... ...#.#
...##..#.#
#####..>#....#
............... #.#
#........#.. ## #.#
#........#.. #§##.#
#........#..
#§§#☼####§....†.#..
#@§○☼§§§○..†##....
##SYc§§☼§§....#....
#§h.§§☼☼§○......_..
#§☼§§l§§§§........#
#§○○§§§○☼§........#
#§§§§§§§§§......#.#
#§§§§§☼§☼○......#.#
##§§§§○☼§§....#S#.#
##..........##{#.#


You could see a water moccasin, a black bear, an ice beast (petrifying), a
centaur and an iguana.

Vanquished Creatures
  A komodo dragon (shapeshifter) (D:5)
  3 ogres (D:5)
  A bullfrog (D:6)
  A scorpion (D:5)
  2 jellies
  A gnoll bouda (D:5)
  An orc priest (D:4)
  8 hounds
  Jessica (D:3)
  Terence (D:2)
  2 orc wizards
  An iguana (D:5)
  5 gnolls (D:5)
  12 adders
  5 river rats (Sewer)
  A shadow imp (D:6)
  2 worms (D:2)
  A dart slug (D:1)
  9 orcs
  19 ball pythons
  4 bats
  11 endoplasms
  3 giant cockroaches
  8 goblins
  8 hobgoblins
  3 jackals (D:1)
  7 kobolds
  5 quokkas
  8 frilled lizards
  12 rats
146 creatures vanquished.

Vanquished Creatures (collateral kills)
  An ice beast (D:5)
  A gnoll sergeant (D:5)
  A scorpion (D:5)
  3 gnolls (D:5)
6 creatures vanquished.

Vanquished Creatures (others)
  Eustachio (D:5)
  A kobold zombie (D:2)
2 creatures vanquished.

Grand Total: 154 creatures vanquished

Notes
Turn   | Place    | Note
-------+----------+-------------------------------------------
     0 | D:1      | jtron the Troll Chaos Knight began the quest for the Orb.
     0 | D:1      | Reached XP level 1. HP: 22/22 MP: 0/0
   110 | D:1      | XOM: silly message
   131 | D:1      | XOM: potion effect (curing)
   134 | D:1      | Reached XP level 2. HP: 29/29 MP: 1/1
   139 | D:1      | Reached skill level 3 in Maces & Flails
   214 | D:1      | XOM: silly message
   381 | D:1      | Reached XP level 3. HP: 36/36 MP: 2/2
   427 | D:1      | XOM: smoke on damage
   913 | D:2      | Noticed Terence
   918 | D:2      | XOM: silly message
   920 | D:2      | XOM: divination: detect items
   936 | D:2      | Killed Terence
   937 | D:2      | Reached XP level 4. HP: 38/45 MP: 3/3
   937 | D:2      | Found Weocrext's General Store.
  1178 | D:2      | Gained mutation: Your muscles are strong. (Str +4, Int/Dex
                  | -1) [potion of mutation]
  1178 | D:2      | Gained mutation: You have supernaturally acute eyesight.
                  | (SInv) [potion of mutation]
  1178 | D:2      | Gained mutation: You have a pair of small antennae on your
                  | head. [potion of mutation]
  1193 | D:2      | XOM: 4-stop teleportation journey
  1410 | D:3      | Found an opulent altar of Gozag.
  1451 | D:3      | Found a shadowy altar of Dithmenos.
  1519 | D:3      | XOM: noise
  1558 | D:3      | XOM: noise
  1688 | D:3      | Reached skill level 4 in Maces & Flails
  1729 | D:3      | Noticed Jessica
  1733 | D:3      | Killed Jessica
  1734 | D:3      | Reached XP level 5. HP: 53/53 MP: 4/4
  1793 | D:3      | Identified the +1 ring mail "Yfiedips" {Harm +Blink}
  1879 | D:3      | XOM: divination: magic mapping
  2023 | D:3      | XOM: noise
  2028 | D:3      | Found an ancient bone altar of Kikubaaqudgha.
  2167 | D:4      | Found an ornate altar of the Wu Jian Council.
  2260 | D:4      | Found a glowing drain.
  2344 | D:4      | Reached XP level 6. HP: 54/61 MP: 5/5
  2350 | Sewer    | Entered a sewer
  2398 | Sewer    | XOM: silly message
  2400 | Sewer    | XOM: divination: detect creatures
  2461 | Sewer    | Reached skill level 5 in Maces & Flails
  2750 | D:4      | Found a staircase to the Ecumenical Temple.
  2790 | D:4      | XOM: divination: detect items
  2803 | D:4      | Reached skill level 1 in Stealth
  3290 | D:5      | Entered Level 5 of the Dungeon
  3293 | D:5      | XOM: silly message
  3320 | D:5      | Noticed Eustachio
  3330 | D:5      | Killed Eustachio
  3330 | D:5      | XOM: divine lightning
  3331 | D:5      | Reached XP level 7. HP: 66/67 MP: 6/6
  3356 | D:5      | Found a broken altar of Ashenzari.
  3401 | D:5      | Noticed a glowing shapeshifter
  3401 | D:5      | an iguana changed into a glowing shapeshifter
  3401 | D:5      | XOM: polymorph iguana -> glowing shapeshifter
  3401 | D:5      | Noticed a merfolk
  3401 | D:5      | a glowing shapeshifter changed into a merfolk
  3403 | D:5      | Noticed an elephant
  3403 | D:5      | a merfolk changed into an elephant
  3404 | D:5      | XOM: enchant monster (good)
  3407 | D:5      | Noticed a lindwurm
  3407 | D:5      | an elephant changed into a lindwurm
  3408 | D:5      | Noticed a komodo dragon
  3408 | D:5      | a lindwurm changed into a komodo dragon
  3411 | D:5      | XOM: butterfly on damage
  3419 | D:5      | Killed a komodo dragon
  3420 | D:5      | Reached skill level 6 in Maces & Flails
  3546 | D:5      | Reached XP level 8. HP: 78/78 MP: 7/7
  3578 | D:5      | Found Ypnack's Armour Shoppe.
  3618 | D:5      | XOM: cast spell 'Summon Cactus Giant'
  3707 | D:5      | XOM: scenery: summon butterflies
  3884 | D:5      | XOM: enchant monster (good)
  3911 | D:5      | Reached skill level 1 in Evocations
  4136 | D:5      | Found a white marble altar of Elyvilon.
  4175 | D:5      | Found a glowing silver altar of Zin.
  4397 | D:6      | Found a shimmering blue altar of Sif Muna.
  4428 | D:6      | Reached skill level 7 in Maces & Flails
  4447 | D:6      | XOM: silly message
  4472 | D:6      | HP: 1/79 [centaur/arrow (8)]
  4473 | D:6      | Shot with an arrow by a centaur

Illustrated notes

Levels and vault maps discovered:
D:1:      elethiomel_arrival_infinity_welcomes_careful_drivers, layout_basic,
          hangedman_abyss_or_decor_lesser_grid, minmay_pentomino_p4
D:2:      layout_basic, serial_shops, shop, uniq_terence
D:3:      layout_basic, mainiacjoe_overflow_chevrons, mainiacjoe_overflow_swirl,
          uniq_jessica
D:4:      layout_gridville, amcnicky_altar_gilded, minmay_temple_entry_arrows,
          gup_sewer_entry_glass, serial_glass, glass_columns_a, glass_columns_a,
          saegor_snake_ambush
D:5:      layout_gridville, nicolae_overflow_crystal_walls,
          mainiacjoe_overflow_catch_the_wave, serial_shops, shop, minivault_1,
          minmay_strange_pillars, uniq_eustachio
D:6:      cheibrodos_iron_armory, layout_rooms, mainiacjoe_overflow_boulevard,
          uniq_menkaure

Skill      XL: |  1  2  3  4  5  6  7  8 |
---------------+-------------------------+-----
Dodging        | 2 3 4 |  4.1
Maces & Flails | 3 4 5 6 7 |  7.0
Fighting       | 3 4 |  4.6
Stealth        | 1 2 3 |  3.0
Evocations     | 1 |  1.3
Ranged Weapons | |  0.6

Action                   |  1- 3 |  4- 6 |  7- 9 || total
-------------------------+-------+-------+-------++-------
Melee: Mace              |    78 |   281 |   111 ||   470
       Punch             |     1 |     1 |     2 ||     4
 Fire: Sling             |    14 |       |       ||    14
Evoke: Piece from Xom's  |     1 |     5 |     8 ||    14
       Wand              |       |     6 |     6 ||    12
  Use: Potion            |     1 |     4 |     4 ||     9
       Scroll            |     2 |     8 |    11 ||    21
 Stab: Paralysed         |       |    10 |     6 ||    16
       Sleeping          |       |     4 |     1 ||     5
       Petrified         |       |       |     6 ||     6
       Petrifying        |       |       |     1 ||     1
Armor: Robe              |    37 |   142 |    53 ||   232
Dodge: Dodged            |    49 |   180 |    86 ||   315
